 Dungeon Crawl Stone Soup version 0.29-a0-200-gc7997b95f3 (console) character file.

Game seed: 11808229494680913918

12 Gather the Grave Robber (level 2, -1/20 HPs)
             Began as a Mummy Necromancer on Feb 23, 2022.
             Slain by a kobold
             ... wielding a +0 dagger
              (2 damage)
             ... on level 1 of the Dungeon.
             The game lasted 00:02:57 (478 turns).

Gather the Grave Robber (Mummy Necromancer)          Turns: 478, Time: 00:02:57

Health: -1/20      AC:  2    Str: 11    XL:     2   Next: 20%
Magic:  0/6        EV: 12    Int: 14    God:
Gold:   15         SH:  0    Dex: 12    Spells: 5/7 levels left

rFire   x . .      SeeInvis .   d - +0 hand axe
rCold   + . .      Faith    .   (no shield)
rNeg    + + +      Spirit   .   a - +0 robe
rPois   ∞          Reflect  .   (no helmet)
rElec   .          Harm     .   (no cloak)
rCorr   .          Rampage  .   (no gloves)
Will    .....                   (no boots)
Stlth   ++........              (no amulet)
HPRegen 0.06/turn               (no ring)
MPRegen 0.10/turn               (no ring)

@: no status effects
A: cold resistance 1, negative energy resistance 3, torment resistance 2, heat
vulnerability 1, no potions
a: no special abilities


You were on level 1 of the Dungeon.
You visited 1 branch of the dungeon, and saw 1 of its levels.

You collected 15 gold pieces.

Inventory:

Hand Weapons
 b - a +0 dagger
 d - a +0 hand axe (weapon)
Missiles
 c - 8 stones
Armour
 a - a +0 robe (worn)
Scrolls
 f - a scroll of fog
 g - a scroll of noise {unknown}


   Skills:
 + Level 0.5 Fighting
 - Level 1.7 Dodging
 - Level 1.7 Stealth
 + Level 3.0 Spellcasting
 + Level 4.1 Necromancy


You had 5 spell levels left.
You knew the following spells:

 Your Spells              Type           Power      Damage    Failure   Level
a - Pain                  Necr           52%        1d6       3%          1
x - Animate Skeleton      Necr           26%        N/A       3%          1

Your spell library contained the following spells:

 Spells                   Type           Power      Damage    Failure   Level
 Vampiric Draining        Necr           13%        2d6       12%         3
 Animate Dead             Necr           6%         N/A       36%         4
 Agony                    Necr           13%        N/A       71%         5


Dungeon Overview and Level Annotations

Branches:
Dungeon (1/15)

Altars:


Innate Abilities, Weirdness & Mutations

You are immune to poison.
Your flesh is cold resistant. (rC+)
You are immune to negative energy. (rN+++)
You are immune to unholy pain and torment.
You are vulnerable to heat. (rF-)
You do not drink.


Message History

Aiming: Pain (safe; 4% risk of failure)
Press: ? - help, Shift-Dir - straight line, f - jackal
Aim: a jackal (moderately wounded, chance to affect: 83%)
The jackal barely resists.
The kobold shouts!
The jackal bites you. The jackal closely misses you.
The kobold throws a stone.
The stone hits you.
You closely miss the jackal. The jackal barely misses you.
The jackal bites you.
You hit the jackal but do no damage. The jackal barely misses you.
The jackal completely misses you.
Casting: Pain (safe; 4% risk of failure)
Confirm with . or Enter, or press ? or * to list all spells.
You attempt to give life to the dead...
Before your eyes, flesh is ripped from the corpse!
The dead are walking!
The jackal closely misses you.
You closely miss the jackal. The jackal bites you.
* * * LOW HITPOINT WARNING * * *
Your jackal skeleton closely misses the kobold.
The jackal barely misses you.
You barely miss the jackal.
Your jackal skeleton closely misses the kobold.
The jackal stops to sniff the ground.
The jackal bites you.
* * * LOW HITPOINT WARNING * * *
Your jackal skeleton closely misses the kobold.
The jackal bites you.
* * * LOW HITPOINT WARNING * * *
As you read the scroll labelled HEABUST QETY, it crumbles to dust.
It is a scroll of identify.
f - a scroll of fog The jackal barely misses you.
Your jackal skeleton bites the kobold but does no damage.
You hit the jackal.
You kill the jackal!
Your jackal skeleton barely misses the kobold.
You barely miss the kobold.
A jackal comes into view.
The kobold hits you with a +0 dagger.
You die...

#.......# #### ###.......# ##..#
..........# ##...# ..........#
##....# ..........##### ##...#.#
......##......####...##.##
......##............###..#
......+....>......_♣# #..#
......##.##+#..hh...###..#
......##..#.#h####...##..#
......###.#.##ZK@##...#'##
......#...#....#####....########
#...#....#...##......hhh..
#.......K#.#####.########.
#......................#
#......#...##########.##
#......#.........#....#
#......#.#..####.#.##.#
###...#..#.#..# #.#.####
#........#.#..####.#.#
#........#.#.........#


You could see a jackal, a kobold (ally target) and a friendly jackal skeleton.

Vanquished Creatures
  A dart slug (D:1)
  A bat (D:1)
  An endoplasm (D:1)
  A hobgoblin (D:1)
  3 jackals (D:1)
  A frilled lizard (D:1)
  A kobold (D:1)
9 creatures vanquished.

Notes
Turn   | Place    | Note
-------+----------+-------------------------------------------
     0 | D:1      | Gather the Mummy Necromancer began the quest for the Orb.
     0 | D:1      | Reached XP level 1. HP: 13/13 MP: 4/4
    30 | D:1      | Learned a level 1 spell: Animate Skeleton
   380 | D:1      | Found a faded altar of an unknown god.
   399 | D:1      | Reached XP level 2. HP: 20/20 MP: 3/6
   475 | D:1      | HP: 1/20 [jackal (3)]
   478 | D:1      | Slain by a kobold

Illustrated notes

Levels and vault maps discovered:
D:1:      onia_arrival_mini_spirals, layout_basic,
          hellmonk_ecumenical_altar_crossroads

Skill      XL: |  1 |
---------------+----+-----
Spellcasting   | 3 |  3.0
Fighting       | |  0.5
Dodging        | |  1.7
Stealth        | |  1.7
Necromancy     | |  4.1

Action                   || total
-------------------------++-------
Melee: Dagger            ||     8
       Hand axe          ||     7
 Cast: Pain              ||    16
       Animate Skeleton  ||     3
  Use: Scroll            ||     1
 Stab: Sleeping          ||     1
Armor: Robe              ||     8
Dodge: Dodged            ||    20

Table legend: (Time is in decaauts)
 A = Elapsed time spent in this place.
 B = Non-inter-level travel time spent in this place.
 C = Inter-level travel time spent in this place.
 D = Time resting spent in this place.
 E = Time spent auto-exploring this place.
 F = Levels seen in this place.
 G = Mean time per level.
                   A        B        C        D        E       F      G
               +--------+--------+--------+--------+--------+-----+--------+
         Total |    478 |    478 |      0 |      0 |    366 |   1 |  478.0 |
       Dungeon |    478 |    478 |      0 |      0 |    366 |   1 |  478.0 |
               +--------+--------+--------+--------+--------+-----+--------+

Top non-repeatable levels by time:
     D:1: 478 daAuts
